 Seeded DCSS version 0.30.0-30-g96aa6591b8 (webtiles) character file.

Game seed: 10956055803605267845 (custom seed)

109 CInkIbrahim the Slasher (level 4, -4/33 HPs)
             Began as a Demonspawn Gladiator on June 30, 2023.
             Killed from afar by an orc wizard (11 damage)
             ... with a puff of flame
             ... on level 3 of the Dungeon.
             The game lasted 00:01:29 (2393 turns).

CInkIbrahim the Slasher (Demonspawn Gladiator)      Turns: 2393, Time: 00:01:30

Health: -4/33      AC:  4    Str: 14    XL:     4   Next: 60%
Magic:  0/4        EV: 12    Int: 10    God:
Gold:   120        SH:  0    Dex: 16    Spells: 3/3 levels left

rFire   . . .        a - +0 long sword
rCold   . . .        (no shield)
rNeg    . . .        b - +0 leather armour
rPois   +            c - +0 helmet
rElec   .            (no cloak)
rCorr   .            (no gloves)
SInv    .            (no boots)
Will    .....        (no amulet)
Stlth   +            p - ring of poison resistance
HPRegen 0.25/turn    (no ring)
MPRegen 0.18/turn

%: guardian spirit
@: no status effects
A: magic shield, magic regeneration, demonic touch 1
a: no special abilities


You were on level 3 of the Dungeon.
You visited 1 branch of the dungeon, and saw 3 of its levels.

You collected 120 gold pieces.

Inventory:

Hand Weapons
 a - a +0 long sword (weapon)
Missiles
 d - 3 throwing nets (quivered)
 e - a javelin
 r - 5 poisoned darts
Armour
 b - a +0 leather armour (worn)
 c - a +0 helmet (worn)
Jewellery
 p - a ring of poison resistance (left hand)
Scrolls
 f - 2 scrolls of immolation {unknown}
 g - a scroll of fog {unknown}
 h - a scroll of amnesia {unknown}
 i - a scroll of poison {unknown}
 j - 5 scrolls of identify {unknown}
 k - a scroll of fear {unknown}
 l - a scroll of torment {unknown}
 m - a scroll of silence {unknown}
 n - a scroll of enchant weapon {unknown}
 o - a scroll of blinking {unknown}
 q - a scroll of noise {unknown}
 s - a scroll of teleportation {unknown}


   Skills:
 - Level 2.0 Fighting
 + Level 4.9 Long Blades
 - Level 1.7 Throwing
 - Level 2.6 Dodging


You had 3 spell levels left.
You didn't know any spells.
Your spell library was empty.

Dungeon Overview and Level Annotations

Branches:
Dungeon (3/15)

Altars:


Innate Abilities, Weirdness & Mutations

When hurt, damage is shared between your health and your magic reserves.
You regenerate magic rapidly.
Your touch may inflict minor irresistible damage on your foes.


Message History

The orc wizard hits you with a +0 falchion.
The orc completely misses you.
The orc priest hits you with a +0 hand axe.
The endoplasm quivers.
You slash the orc priest!
The orc priest is almost dead.
The orc priest mumbles some strange prayers to Beogh against you.
Pain shoots through your body! The orc hits you with a +0 club.
The orc wizard mumbles some strange words.
The orc wizard flickers and vanishes!
Deactivating autopickup; reactivate with Ctrl-A.
You are too injured to fight recklessly!
You are too injured to fight recklessly!
You are too injured to fight recklessly!
You are too injured to fight recklessly!
You are too injured to fight recklessly!
You are too injured to fight recklessly!
You are too injured to fight recklessly!
You are too injured to fight recklessly!
You hit the orc priest.
You kill the orc priest!
Something hits you. The orc hits you with a +0 club.
* * * LOW HITPOINT WARNING * * *
The orc attacks as you move away! The orc barely misses you.
Something hits you.
* * * LOW HITPOINT WARNING * * *
Items here: )) ††.
You hit something. Something completely misses you. The orc misses you.
You aren't carrying any potions.
You hear some strange, mumbled words.
Something tries to affect you, but you resist.
Okay, then.
You barely miss the orc. Your touch misses the orc.
The orc hits you with a +0 club.
You slash the orc!
You kill the orc!
You hear some strange, mumbled words.
A puff of flame appears from out of thin air!
The puff of flame hits you!
You die...

...... #........
#........## #..........
#.........### ....
.rJ..# #..# #)#.###.# .
#..)##{g.....# .. #
#.@)g#.##### ..
###>####.#.###########.
......................
###.####.....##'##.....
#.........⌠.##...##.⌠..
#........##.....##...
#..<....#####..).##..
.####.#.#.##
.8##....##. ........#.#
....#.....#.


You could see a hobgoblin and a goblin.

Vanquished Creatures
  An orc priest (D:3)
  2 adders (D:2)
  2 worms (D:2)
  2 dart slugs (D:1)
  3 orcs (D:3)
  5 ball pythons
  3 bats
  6 endoplasms
  5 giant cockroaches
  2 goblins
  2 hobgoblins
  2 jackals (D:3)
  3 kobolds
  2 quokkas
  2 frilled lizards (D:3)
  6 rats
48 creatures vanquished.

Notes
Turn   | Place    | Note
-------+----------+-------------------------------------------
     0 | D:1      | CInkIbrahim the Demonspawn Gladiator began the quest for
                  | the Orb.
     0 | D:1      | Reached XP level 1. HP: 16/16 MP: 1/1
   107 | D:1      | Reached skill level 3 in Long Blades
   182 | D:1      | Gained mutation: You regenerate magic rapidly. [demonic
                  | ancestry]
   182 | D:1      | Reached XP level 2. HP: 22/22 MP: 2/2
   696 | D:1      | Gained mutation: When hurt, damage is shared between your
                  | health and your magic reserves. [demonic ancestry]
   696 | D:1      | Reached XP level 3. HP: 27/27 MP: 3/3
   742 | D:1      | Found a faded altar of an unknown god.
  1299 | D:2      | Reached skill level 4 in Long Blades
  2081 | D:2      | Gained mutation: Your touch may inflict minor irresistible
                  | damage on your foes. [demonic ancestry]
  2081 | D:2      | Reached XP level 4. HP: 18/33 MP: 2/4
  2361 | D:3      | Found a faded altar of an unknown god.
  2393 | D:3      | Killed from afar by an orc wizard

Illustrated notes

Levels and vault maps discovered:
D:1:      dpeg_arrival_round_a, layout_loops_corners,
          hellmonk_ecumenical_altar_heavens_door, kennysheep_nondescript,
          serial_park_tiny_2
D:2:      layout_basic, serial_co_window_serial, co_window_of_opportunity_a,
          co_window_paths_b, co_window_paths_b, co_window_corner_a,
          co_window_of_opportunity_a, co_window_paths_b, co_window_paths_a,
          co_window_broadway_a, co_window_broadway_c, co_window_paths_c,
          co_window_cross_3, co_window_4corner_a, glass_columns_b,
          glass_columns_a, glass_columns_a, glass_columns_a
D:3:      layout_basic, nicolae_overflow_ecumenical_swirl,
          ebering_ghost_rock_garden, serial_park_tiny_pond, chequers_arboretum,
          hangedman_decor_push

Skill      XL: |  1  2  3 |
---------------+----------+-----
Long Blades    | 3 4 |  4.9
Fighting       | |  2.0
Throwing       | |  1.7
Dodging        | |  2.6

Action                     |  1- 3 |  4- 6 || total
---------------------------+-------+-------++-------
  Melee: Long sword        |   120 |    25 ||   145
         Punch             |     1 |       ||     1
         Touch             |       |     2 ||     2
 Armour: Leather armour    |    31 |     4 ||    35
  Dodge: Dodged            |    78 |    16 ||    94
